 Dungeon Crawl Stone Soup version 0.20.1-1-g8b1a95d (webtiles) character file.

7793 Jukra the Fighter (level 11, -3/89 HPs)
             Began as a Demonspawn Abyssal Knight on July 20, 2017.
             Was an Elder of Lugonu.
             Killed from afar by Nergalle (36 damage)
             ... with a bolt of negative energy
             ... on level 1 of the Lair of Beasts.
             The game lasted 01:17:02 (6772 turns).

Jukra the Fighter (Demonspawn Abyssal Knight)       Turns: 6772, Time: 01:17:02

Health: -3/89      AC: 26    Str: 14    XL:     11   Next: 1%
Magic:  21/21      EV: 12    Int: 13    God:    Lugonu [****..]
Gold:   109        SH:  0    Dex: 13    Spells: 3/10 levels left

rFire    + . .     SeeInvis .   W - +6 shillelagh "Devastator" {shatter}
rCold    . . .     Gourm    .   (no shield)
rNeg     . . .     Faith    .   D - +2 scale mail {MR+}
rPois    .         Spirit   .   (helmet restricted)
rElec    .         Reflect  .   w - +2 cloak
rCorr    .         Harm     .   g - +0 pair of gloves
MR       +....                  (no boots)
Stlth    +.........             e - amulet of regeneration
Regen    0.7/turn               d - ring of magical power
MPRegen  0.2/turn               h - ring of protection from fire

@: sanguine armour, heavily drained
A: claws 2, horns 1, blurry vision 1, nightstalker 1, spiny 1, weak 1, sanguine
armour 3
a: Depart the Abyss, Bend Space, Banish, Corrupt, Renounce Religion


You were on level 1 of the Lair of Beasts.
You worshipped Lugonu.
Lugonu was greatly pleased with you.
You were very hungry.

You visited 2 branches of the dungeon, and saw 11 of its levels.
You visited the Abyss 1 time.

You collected 409 gold pieces.
You spent 300 gold pieces at shops.

Inventory:

Hand Weapons
 a - a +2 hand axe
 b - a +0 shortbow of flaming
 k - a +1 short sword of draining
 p - a +1 antimagic short sword
 t - a +2 hand axe of chopping
 v - a +0 mace
 C - a +1 hand axe of flaming
 J - a +4 mace
 R - a +0 shortbow
 U - a +3 hand axe
 W - the +6 shillelagh "Devastator" (weapon) {shatter}
   (You found it on level 7 of the Dungeon)
 Z - a +1 rapier of venom
Missiles
 F - 5 tomahawks (quivered)
 I - 7 needles of confusion
Armour
 g - a +0 pair of gloves (worn)
 w - a +2 cloak (worn)
 D - a +2 scale mail of magic resistance (worn)
Magical Staves
 o - an uncursed staff of wizardry
Jewellery
 d - a ring of magical power (left hand)
 e - an amulet of regeneration (around neck)
 h - a ring of protection from fire (right hand)
 u - an uncursed amulet of faith
 E - an uncursed ring of flight
Wands
 m - a wand of clouds (5/9)
 x - a wand of polymorph (1/24)
 L - a wand of lightning (10/15)
 M - a wand of lightning (5/15)
 O - a wand of iceblast (9/15)
 Q - a wand of confusion (37/48)
 T - a wand of random effects (38/48)
 X - a wand of polymorph (6/24)
 Y - a wand of enslavement (7/24)
Scrolls
 i - 10 scrolls of remove curse
 j - a scroll of identify
 l - 2 scrolls of recharging
 r - 6 scrolls of teleportation
 y - a scroll of amnesia
 A - a scroll of fear
 P - a scroll of blinking
Potions
 s - a potion of cancellation {unknown}
 G - a potion of lignification {unknown}
 N - 4 potions of curing {unknown}
 S - 2 potions of might {unknown}
 V - 2 potions of brilliance {unknown}
Books
 n - a book of Power

   Spells                             Type                      Level
   a - Iskenderun's Battlesphere      Conjuration/Charms           5
   b - Venom Bolt                     Conjuration/Poison           5
   c - Bolt of Magma                  Conjuration/Fire/Earth       5
   d - Iron Shot                      Conjuration/Earth            6
   e - Orb of Destruction             Conjuration                  7
   f - Spellforged Servitor           Conjuration/Summoning        7
 K - a book of Necromancy

   Spells                             Type                      Level
   a - Pain                           Necromancy                   1
   b - Animate Skeleton               Necromancy                   1
   c - Vampiric Draining              Necromancy                   3
   d - Regeneration                   Charms/Necromancy            3
   e - Animate Dead                   Necromancy                   4
   f - Control Undead                 Necromancy                   4
Comestibles
 c - 9 bread rations
 f - 4 royal jellies
 H - 5 meat rations


   Skills:
 * Level 9.3(7.3) Fighting
 - Level 5.3(3.5) Short Blades
 - Level 3.0(2.4) Axes
 + Level 4.2(2.9) Maces & Flails
 * Level 8.0(6.1) Armour
 * Level 7.8(5.9) Dodging
 - Level 2.6(0.9) Invocations


You had 3 spell levels left.
You knew the following spells:

 Your Spells              Type           Power        Failure   Level  Hunger
a - Spellforged Servitor  Conj/Summ      #.........   100%        7    #######


Dungeon Overview and Level Annotations

Branches:
Dungeon (10/15)            Temple (0/1) D:7            Lair (1/6) D:10
    Orc: D:9-12

Altars:
Ashenzari
Dithmenos
Fedhas
Hepliaklqana
Qazlal
Ru
Sif Muna
Trog
Xom
Yredelemnul
The Shining One

Shops:
D:5 }   D:7 !   D:9 *

Annotations:
Lair:1 Nergalle


Innate Abilities, Weirdness & Mutations

You have very sharp fingernails.
You are slightly more attuned to the shadows.
You are partially covered in sharp spines.
When seriously injured, your bleeding wounds create very thick armour. (AC +12)
You have a pair of small horns on your head.
Scrolls take you a little longer to read.
You are weak. (Str -2)


Message History

The spectral orc knight is severely damaged.
Nergalle casts a spell at you.
The bolt of negative energy hits the spectral orc knight.
The spectral orc knight completely resists.
The bolt of negative energy misses you.
The spectral orc knight hits you but does no damage.
You hit the spectral orc knight but do no damage.
The spectral orc knight is severely damaged.
You barely miss the spectral orc knight.
The spectral orc knight is severely damaged.
The spectral orc knight barely misses you.
Nergalle casts a spell at you.
The bolt of negative energy hits the spectral orc knight.
The spectral orc knight completely resists.
The bolt of negative energy hits you!
You feel drained.
Nergalle points at you and mumbles some strange words.
The bolt of negative energy hits the spectral orc knight.
The spectral orc knight completely resists.
The bolt of negative energy hits you!
You feel drained.
You die...

.≈≈≈≈. ≈≈≈≈≈≈..
≈≈≈≈≈≈.. ♣♣
≈≈≈≈≈....♣P
≈≈≈≈≈...♣)♣♣♣♣
.[≈.≈......♣oZ♣♣
...$......?♣.♣♣@♣
...........♣.♣♣♣♣P♣
..........Z♣♣♣ ♣P♣
.......tZ.Z♣ ♣♣
........Zo♣♣
..........♣
..........♣
.........♣♣
.........♣


You could see Nergalle and a spectral orc knight.

Vanquished Creatures
  A two-headed ogre (D:10)
  An unseen horror (D:7)
  An elephant (D:10)
  A spiny frog (Lair:1)
  A troll (D:9)
  The ghost of nataq the Skirmisher, an amateur DsFi (D:6)
  Prince Ribbit (D:8)
  2 hippogriffs (D:7)
  A wyvern (D:8)
  A yak (D:10)
  A basilisk (D:10)
  A hungry ghost (D:10)
  A water moccasin (D:9)
  An orc warrior (D:7)
  A sky beast (D:10)
  A black bear (D:8)
  4 ice beasts
  3 phantoms
  6 ogres
  3 centaurs
  2 crocodiles
  A big kobold (D:8)
  4 bullfrogs
  A water moccasin zombie (D:3)
  2 scorpions (D:10)
  12 killer bees
  3 wights (D:8)
  2 howler monkeys
  2 crimson imps (D:8)
  A bullfrog zombie (D:9)
  3 orc priests
  14 orc wizards
  A centaur skeleton (D:7)
  5 hounds
  3 iguanas
  Ijyb (D:4)
  6 worker ants
  A hound skeleton (D:3)
  7 gnolls (D:5)
  11 adders
  A shadow imp (D:10)
  An adder zombie (D:3)
  3 adder skeletons
  A dart slug (D:2)
  6 leopard geckos
  41 orcs
  A ball python (D:4)
  7 bats
  7 giant cockroaches
  8 hobgoblins
  20 jackals
  8 kobolds
  5 quokkas
  6 frilled lizards (D:2)
  13 goblins
  A leopard gecko skeleton (D:4)
  A leopard gecko zombie (D:7)
  2 quokka skeletons
  5 rats
  2 fungi (D:10)
  3 plants (D:10)
  2 withered plants (D:3)
259 creatures vanquished.

Vanquished Creatures (others)
  A goblin (D:4)
  A plant (Lair:1)
2 creatures vanquished.

Grand Total: 261 creatures vanquished

Notes
Turn   | Place    | Note
-------+----------+-------------------------------------------
     0 | Abyss:1  | Jukra the Demonspawn Abyssal Knight began the quest for the Orb.
     0 | Abyss:1  | Reached XP level 1. HP: 18/18 MP: 2/2
    27 | Abyss:1  | Noticed a golden dragon zombie
    31 | Abyss:1  | Noticed an insubstantial wisp
    37 | D:1      | Escaped the Abyss
   160 | D:1      | Gained mutation: You have sharp fingernails. [demonic ancestry]
   160 | D:1      | Reached XP level 2. HP: 17/24 MP: 3/3
   363 | D:1      | Reached * piety under Lugonu
   363 | D:1      | Reached skill level 1 in Dodging
   650 | D:2      | Gained mutation: You are partially covered in sharp spines. [demonic ancestry]
   650 | D:2      | Reached XP level 3. HP: 29/29 MP: 4/4
   746 | D:2      | Found a glowing golden altar of the Shining One.
   747 | D:2      | Found a basalt altar of Yredelemnul.
   748 | D:2      | Found a blossoming altar of Fedhas.
   748 | D:2      | Found a hazy altar of Hepliaklqana.
  1165 | D:2      | Gained mutation: You have very sharp fingernails. [demonic ancestry]
  1165 | D:2      | Reached XP level 4. HP: 34/35 MP: 5/5
  1333 | D:3      | Reached ** piety under Lugonu
  1410 | D:3      | Gained mutation: You are slightly more attuned to the shadows. [demonic ancestry]
  1410 | D:3      | Reached XP level 5. HP: 41/42 MP: 6/6
  1655 | D:3      | Reached skill level 4 in Fighting
  1659 | D:3      | Reached skill level 1 in Short Blades
  2417 | D:4      | Gained mutation: When seriously injured, your bleeding wounds create armour. (AC +12) [demonic ancestry]
  2417 | D:4      | Reached XP level 6. HP: 32/48 MP: 7/7
  2769 | D:4      | Noticed Ijyb
  2785 | D:4      | Killed Ijyb
  3076 | D:5      | Entered Level 5 of the Dungeon
  3192 | D:5      | Noticed an ice beast
  3201 | D:5      | Killed an ice beast
  3201 | D:5      | Reached XP level 7. HP: 55/55 MP: 8/8
  3278 | D:5      | Reached skill level 5 in Fighting
  3339 | D:5      | Found Icatipt's Gadget Shoppe.
  3342 | D:5      | Bought a wand of polymorph (7/24) for 108 gold pieces
  3475 | D:5      | Found a glowing golden altar of the Shining One.
  3607 | D:5      | Reached XP level 8. HP: 37/63 MP: 9/9
  3731 | D:6      | Reached *** piety under Lugonu
  4115 | D:6      | Noticed nataq's ghost (amateur DsFi)
  4155 | D:6      | Killed nataq's ghost
  4210 | D:6      | Reached skill level 6 in Fighting
  4210 | D:6      | Reached skill level 5 in Armour
  4348 | D:7      | Found a staircase to the Ecumenical Temple.
  4444 | D:7      | Reached skill level 5 in Dodging
  4524 | D:7      | Noticed a hippogriff
  4533 | D:7      | Killed a hippogriff
  4533 | D:7      | Gained mutation: When seriously injured, your bleeding wounds create thick armour. (AC +12) [demonic ancestry]
  4533 | D:7      | Reached XP level 9. HP: 54/71 MP: 10/10
  4608 | D:7      | Killed an unseen horror
  4608 | D:7      | Reached skill level 7 in Fighting
  4608 | D:7      | Reached skill level 5 in Short Blades
  4620 | D:7      | Found a sacrificial altar of Ru.
  4874 | D:7      | Found Rejied's Distillery.
  4880 | D:7      | Bought a potion of mutation for 96 gold pieces
  4880 | D:7      | Bought a potion of mutation for 96 gold pieces
  4880 | D:7      | Gained mutation: You occasionally shout uncontrollably at your foes. [potion of mutation]
  4880 | D:7      | Gained mutation: You are somewhat resistant to further mutation. [potion of mutation]
  4881 | D:7      | Lost mutation: You are somewhat resistant to further mutation. [potion of mutation]
  4881 | D:7      | Lost mutation: You occasionally shout uncontrollably at your foes. [potion of mutation]
  4881 | D:7      | Gained mutation: Scrolls take you a little longer to read. [potion of mutation]
  4881 | D:7      | Gained mutation: You are weak. (Str -2) [potion of mutation]
  4881 | D:7      | Gained mutation: You have a pair of small horns on your head. [potion of mutation]
  5002 | D:8      | Found a stormy altar of Qazlal.
  5058 | D:8      | Reached skill level 1 in Maces & Flails
  5150 | D:8      | Found a shimmering altar of Xom.
  5173 | D:8      | Reached **** piety under Lugonu
  5176 | D:8      | Reached skill level 8 in Fighting
  5176 | D:8      | Reached XP level 10. HP: 54/80 MP: 11/11
  5566 | D:8      | Noticed Prince Ribbit
  5578 | D:8      | Killed Prince Ribbit
  5609 | D:8      | Found a deep blue altar of Sif Muna.
  5609 | D:8      | Found a bloodstained altar of Trog.
  5609 | D:8      | Found a shattered altar of Ashenzari.
  5980 | D:9      | Found Votanu Idio's Assorted Antiques.
  6256 | D:9      | Found a shadowy altar of Dithmenos.
  6589 | D:9      | Learned a level 7 spell: Spellforged Servitor
  6603 | D:10     | Entered Level 10 of the Dungeon
  6651 | D:10     | Noticed an elephant
  6651 | D:10     | Noticed a two-headed ogre
  6660 | D:10     | Killed an elephant
  6660 | D:10     | Reached skill level 9 in Fighting
  6662 | D:10     | Killed a two-headed ogre
  6670 | D:10     | Found a staircase to the Lair.
  6726 | Lair:1   | Entered Level 1 of the Lair of Beasts
  6726 | Lair:1   | Noticed Nergalle
  6726 | Lair:1   | Noticed a spiny frog
  6755 | Lair:1   | Killed a spiny frog
  6755 | Lair:1   | Gained mutation: When seriously injured, your bleeding wounds create very thick armour. (AC +12) [demonic ancestry]
  6755 | Lair:1   | Reached XP level 11. HP: 48/89 MP: 12/12
  6772 | Lair:1   | Killed from afar by Nergalle

Skill      XL: |  1  2  3  4  5  6  7  8  9 10 |
---------------+-------------------------------+-----
Axes           | 2 3 |  3.0
Armour         | 2 3 4 5 6 8 |  8.0
Dodging        | 1 2 3 5 6 7 |  7.8
Fighting       | 4 5 6 8 9 |  9.3
Short Blades   | 1 2 3 4 5 |  5.3
Maces & Flails | 2 4 |  4.2
Invocations    | |  2.6

Action                   |  1- 3 |  4- 6 |  7- 9 | 10-12 || total
-------------------------+-------+-------+-------+-------++-------
Melee: Hand axe          |   118 |    44 |       |       ||   162
       Short sword       |       |   264 |   262 |       ||   526
       Shillelagh        |       |       |    25 |   154 ||   179
       Headbutt          |       |       |     2 |    29 ||    31
Invok: Depart the Abyss  |     1 |       |       |       ||     1
       Bend Space        |       |       |       |     4 ||     4
Evoke: Wand              |       |       |     1 |       ||     1
  Use: Scroll            |     9 |     1 |     3 |     8 ||    21
       Potion            |       |       |     3 |     1 ||     4
  Eat: Chunk             |       |     2 |       |       ||     2
       Bread ration      |       |     2 |     1 |     1 ||     4
       Fruit             |       |       |     2 |       ||     2
Armor: Leather armour    |    19 |       |       |       ||    19
       Plate armour      |    89 |   106 |       |       ||   195
       Scale mail        |       |    30 |   150 |    52 ||   232
Dodge: Dodged            |    42 |    47 |   178 |    89 ||   356
